 Dungeon Crawl Stone Soup version 0.18.1-50-g88ac8fd (webtiles) character file.

24 ololoev the Magician (level 2, 6/15 HPs)
             Began as a Deep Elf Earth Elementalist on Dec 6, 2016.
             Quit the game on level 4 of the Dungeon.
             The game lasted 00:01:19 (151 turns).

ololoev the Magician (Deep Elf Earth Elementalist)   Turns: 151, Time: 00:01:19

Health: 6/15       AC:  2    Str:  5    XL:     2   Next: 79%
Magic:  0/9        EV: 13    Int: 19    God:
Gold:   7          SH:  0    Dex: 15    Spells: 2 memorised, 6 levels left

rFire  . . .     SeeInvis .     b - 8 stones
rCold  . . .     Gourm    .     a - +0 robe
rNeg   . . .     Faith    .     (no shield)
rPois  .         Spirit   .     (no helmet)
rElec  .         Dismiss  .     (no cloak)
rCorr  .         Reflect  .     (no gloves)
SustAt .         Harm     .     (no boots)
MR     .....                    (no amulet)
Stlth  ++........               (no ring)
                                (no ring)

@: not resistant to hostile enchantments, unstealthy
A: no striking features
a: no special abilities

Inventory:

Missiles
 b - 8 stones (in hand)
Armour
 a - a +0 robe (worn)
Potions
 e - 2 potions of ambrosia {unknown}
 g - a potion of curing {unknown}
Books
 c - a book of Geomancy

   Spells                             Type                      Level
   a - Sandblast                      Earth                        1
   b - Passwall                       Transmutation/Earth          2
   c - Stone Arrow                    Conjuration/Earth            3
   d - Petrify                        Transmutation/Earth          4
   e - Lee's Rapid Deconstruction     Earth                        5
Comestibles
 d - a bread ration
 f - a beef jerky
 h - a meat ration


   Skills:
 - Level 2.4 Dodging
 - Level 2.4 Stealth
 * Level 4.3 Spellcasting
 - Level 1.1 Transmutations
 + Level 3.6 Earth Magic


You had 6 spell levels left.
You knew the following spells:

 Your Spells              Type           Power        Failure   Level  Hunger
a - Sandblast             Erth           ###...       3%          1    None
w - Passwall              Trmt/Erth      ##........   10%         2    #......


You were on level 4 of the Dungeon.
You were not hungry.

You visited 1 branch of the dungeon, and saw 4 of its levels.

You collected 7 gold pieces.

#####+#### ##########
..........#####........#
.......................#
.......................#
...s...................#
............<..........#
.......................#
......h................#
...w...@h..............#
.......................#
###+####+######........#
#.)......# #........#
#..."....# #........#
#........# #........#

Notes
Turn   | Place    | Note
--------------------------------------------------------------
     0 | D:1      | ololoev the Deep Elf Earth Elementalist began the quest for the Orb.
     0 | D:1      | Reached XP level 1. HP: 10/10 MP: 6/6
    46 | D:2      | Reached XP level 2. HP: 15/15 MP: 2/8
    52 | D:2      | Learned a level 2 spell: Passwall
    94 | D:3      | Reached skill level 4 in Spellcasting
   125 | D:4      | Noticed a howler monkey
   148 | D:4      | Noticed a scorpion
   151 | D:4      | Quit the game

Dungeon Overview and Level Annotations

Branches:
Dungeon (4/15)
 Temple: D:4-7

Altars:


Message History

Aiming: Sandblast
Press: ? - help, Shift-Dir - straight line, f - adder
Aim: an adder (resting)
The rocky blast hits the adder.
The adder is moderately wounded.
The adder bites you.
Casting: Sandblast
Confirm with . or Enter, or press ? or * to list all spells.
Aiming: Sandblast
Press: ? - help, Shift-Dir - straight line, f/p - adder
Aim: an adder (moderately wounded)
The rocky blast hits the adder.
You kill the adder!
Your Spellcasting skill increases to level 4!
Found a stone staircase leading down.
A giant cockroach and a goblin come into view.
Casting: Sandblast
Confirm with . or Enter, or press ? or * to list all spells.
Aiming: Sandblast
Press: ? - help, Shift-Dir - straight line, f - giant cockroach
Aim: a giant cockroach (clinging, resting)
The rocky blast hits the giant cockroach.
You kill the giant cockroach!
The goblin shouts!
Casting: Sandblast
Confirm with . or Enter, or press ? or * to list all spells.
Aiming: Sandblast
Press: ? - help, Shift-Dir - straight line, f - goblin
Aim: a goblin, wielding a club The rocky blast hits the goblin.
You kill the goblin!
There is a stone staircase leading down here.
You climb downwards.
Found a blue potion and a glowing mace.
There is a stone staircase leading up here.
Found a dented copper amulet.
g - a blue potion
Found a meat ration.
You see here a glowing mace.
A howler monkey comes into view.
You see here a dented copper amulet.
h - a dented copper amulet The howler monkey howls!
Put on which piece of jewellery? (? for menu, Esc to quit)
You feel your power drawn to a protective spirit.
h - an amulet of guardian spirit (around neck) Drop what? 8/52 slots (_ for help) (? for menu, Esc to quit)
You remove your amulet of guardian spirit.
You drop an uncursed amulet of guardian spirit.
The howler monkey misses you. x2
You see here a meat ration.
h - a meat ration The howler monkey hits you.
The howler monkey closely misses you. The howler monkey hits you.
The howler monkey bites you.
Casting: Sandblast
Confirm with . or Enter, or press ? or * to list all spells.
Aiming: Sandblast
Press: ? - help, Shift-Dir - straight line, f - howler monkey
Aim: a howler monkey The rocky blast misses the howler monkey.
The howler monkey hoots and howls with incredible vigour!
You hear a screech!
You hear a bark!
The howler monkey hits you but does no damage.
The howler monkey bites you. The howler monkey closely misses you.
The howler monkey barely misses you. The howler monkey barely misses you.
The howler monkey bites you but does no damage.
A hound comes into view.
A scorpion and a dart slug come into view.
Casting: Sandblast
Confirm with . or Enter, or press ? or * to list all spells.
Aiming: Sandblast
Press: ? - help, Shift-Dir - straight line, f/p - howler monkey
Aim: a howler monkey The rocky blast hits the howler monkey.
The howler monkey is severely wounded.
The howler monkey completely misses you.
The howler monkey closely misses you. The hound bites you but does no damage.
The howler monkey closely misses you. The howler monkey bites you.
Are you sure you want to abandon this character and quit the game? (Confirm with "yes".)

You could see a scorpion, a howler monkey, a hound and a dart slug.

Vanquished Creatures
  2 adders
  A giant cockroach (D:3)
  2 goblins
  A kobold (D:2)
  A giant cockroach zombie (D:2)
7 creatures vanquished.

Action                   || total
-------------------------++-------
 Cast: Sandblast         ||    12
Armor: Robe              ||     3
Dodge: Dodged            ||    11

Vault maps used:
D:1:      tarquinn_simple_flora_water_c
D:2:      lemuel_coloured_pillars_altar, serial_undead, serial_undead_b,
          serial_undead_e, serial_undead_b, serial_undead_c, uniq_iyjb
D:3:      lemuel_round_altar, minmay_surrounded
D:4:      lemuel_crystal_altar, minmay_temple_entry_statues_pillars,
          first_bread, bloody_makhleb
